 Dungeon Crawl Stone Soup version 0.31-a0-1522-g43313d8a59 (webtiles) character file.

Game seed: 997136338130420191

26087 freelancePsychic the Fighter (level 13, -1/102 HPs)
             Began as a Djinni Shapeshifter on Dec 31, 2023.
             Was a High Priest of Cheibriados.
             Killed from afar by a rime drake (15 damage)
             ... with an icy flash freeze
             ... on level 3 of the Lair of Beasts.
             The game lasted 00:32:24 (15004 turns).

freelancePsychic the Fighter (Djinni Shapeshifter) Turns: 15004, Time: 00:32:24

Health: -1/102     AC:  6    Str: 26    XL:     13   Next: 55%
Gold:   544        EV: 35    Int: 37    God:    Cheibriados [*****.] SH:  7 Dex: 25

rFire   + . .        q - +4 demon whip (venom)
rCold   . . .        N - +0 buckler
rNeg    . . .        w - +0 troll leather armour
rPois   ∞            b - +0 helmet
rElec   .            f - +0 cloak
rCorr   .            g - +0 pair of gloves
SInv    .            (boots unavailable)
Will    +....        t - amulet of the acrobat
Stlth   ++           k - ring of ice
HPRegen 1.17/turn    p - +6 ring of intelligence
MPRegen 0.00/turn

%: acrobat, infuse magic (-2 HP)
@: acrobatic, flying, very slow
A: sickness immunity, fire resistance 2, cold vulnerability 1, float, innate
caster, HP casting, extra vitality 1
a: Renounce Religion, Bend Time, Temporal Distortion, Slouch, Step From Time


You were on level 3 of the Lair of Beasts.
You worshipped Cheibriados.
Cheibriados was extremely pleased with you.
You visited 3 branches of the dungeon, and saw 15 of its levels.
You also visited: Ossuary.

You collected 899 gold pieces.
You spent 355 gold pieces at shops.

Inventory:

Hand Weapons
 m - a +2 dagger of venom
 q - a +4 demon whip of venom (weapon)
Missiles
 l - a throwing net
Armour
 b - a +0 helmet (worn)
 f - a +0 cloak (worn)
 g - a +0 pair of gloves (worn)
 v - a +2 kite shield
 w - a +0 troll leather armour (worn)
 N - a +0 buckler (worn)
Magical Staves
 G - a staff of air
Jewellery
 k - a ring of ice (left hand)
 p - a +6 ring of intelligence (right hand)
 t - an amulet of the acrobat (around neck)
 D - a ring of willpower
 F - a ring of protection from fire
 M - the ring of Faabbeyn {MP+9 Int+3}
   (You found it on level 1 of the Lair of Beasts)

   [ring of magical power]

   Int+3:     It affects your intelligence (+3).
   MP+9:      It affects your magic capacity (+9).
Talismans
 c - a beast talisman
 d - a flux talisman
Wands
 a - a wand of iceblast (3)
 j - a wand of flame (9)
 x - a wand of acid (3)
 J - a wand of polymorph (9)
Scrolls
 i - a scroll of noise
 n - 2 scrolls of torment
 s - 3 scrolls of revelation
 y - a scroll of vulnerability
 A - a scroll of poison {unknown}
 B - a scroll of fog
 C - 4 scrolls of identify {@r1}
 L - a scroll of teleportation {@r4}
 O - a scroll of blinking
Potions
 e - 2 potions of mutation
 h - 4 potions of enlightenment
 o - a potion of haste {unknown}
 r - a potion of invisibility {unknown}
 u - 2 potions of degeneration
 z - 2 potions of magic {unknown}
 E - 3 potions of lignification
 H - a potion of resistance {unknown}
 I - a potion of ambrosia {unknown}
 K - a potion of cancellation {unknown}


   Skills:
 + Level 12.7 Fighting
 - Level 1.1 Short Blades
 - Level 9.9 Dodging
 + Level 6.8 Shields
 - Level 3.0 Unarmed Combat
 + Level 9.5 Spellcasting
 + Level 9.5 Conjurations
 + Level 9.5 Hexes
   Level 0.0 Charms
 + Level 9.5 Summonings
 + Level 9.5 Necromancy
 + Level 9.5 Translocations
   Level 0.0 Transmutations
 + Level 9.5 Fire Magic
 + Level 9.5 Ice Magic
 + Level 9.5 Air Magic
 + Level 9.5 Earth Magic
 + Level 9.5 Alchemy
 - Level 7.6 Invocations
 - Level 2.6 Shapeshifting


You knew the following spells:

 Your Spells              Type           Power      Damage    Failure   Level
a - Necrotise             Necr           100%       1d9       1%          1
b - Searing Ray           Conj           100%       2d8       1%          2
c - Momentum Strike       Conj/Tloc      100%       3d10      1%          2
d - Tukima's Dance        Hex            73%        N/A       1%          3
e - Freezing Cloud        Conj/Ice/Air   46%        6-21      1%          5
f - Silence               Hex/Air        36%        N/A       1%          5
Your spell library was empty.

Dungeon Overview and Level Annotations

Branches:
Dungeon (11/15)            Temple (1/1) D:6            Lair (3/5) D:9
 Spider (0/4) Lair:3          Orc (0/2) D:10        Ossuary (visited)
  Swamp: Lair:2-3    Shoals: Lair:2-3

Altars:
Ashenzari
Cheibriados
Dithmenos
Elyvilon
Fedhas
Gozag
Hepliaklqana
Makhleb
Nemelex Xobeh
Okawaru
Qazlal
Ru
Trog
Uskayaw
Wu Jian
Xom
Yredelemnul
Zin
The Shining One

Shops:
D:5 [   D:11 *

Annotations:
D:5 exclusion: 2 doors
D:11 exclusion: boulder beetle, Gastronok, Harold
Lair:2 exclusion: hydra


Innate Abilities, Weirdness & Mutations

You are immune to sickness and miasma.
You are immune to poison.
Your flesh is very heat resistant. (rF++)
You are vulnerable to cold. (rC-)
You float through the air rather than walking.
You learn spells naturally, not from books.
Your magical power is your life essence.
You have superior vitality. (+4 MHP)


Message History

The water moccasin seems to slow down.
The blink frog is engulfed in freezing vapours. x2
The blink frog seems to slow down.
The blink frog misses you.
The water moccasin is engulfed in freezing vapours.
The water moccasin seems to slow down.
You kill the water moccasin!
Cheibriados thoroughly appreciates the change of pace.
The rime drake is engulfed in freezing vapours.
The rime drake breathes ice at you. The icy flash freeze hits you!!
You are encased in ice.
The blink frog is engulfed in freezing vapours.
A blink frog comes into view.
You are engulfed in freezing vapours.
* * * LOW HITPOINT WARNING * * *
The ice encasing you melts away.
The rime drake is engulfed in freezing vapours.
The blink frog is engulfed in freezing vapours.
The blink frog seems to slow down.
You kill the blink frog!
Cheibriados appreciates the change of pace.
The blink frog blinks!
The blink frog is engulfed in freezing vapours.
You kill the blink frog!
Cheibriados appreciates the change of pace.
The rime drake is engulfed in freezing vapours.
The blink frog blinks!
The rime drake is engulfed in freezing vapours.
The blink frog moves out of view.
The blink frog is engulfed in freezing vapours.
The blink frog seems to slow down.
The rime drake is engulfed in freezing vapours.
The blink frog is engulfed in freezing vapours.
The blink frog seems to slow down.
The blink frog is engulfed in freezing vapours.
The blink frog seems to slow down.
The rime drake is engulfed in freezing vapours.
The rime drake breathes ice at you. The icy flash freeze hits you!
You die...

..... ####... ##.#...#
##### #....#.########...##
#....†...#.##......#
.................###
P.........^.....§§§# #
##...#........^.§§§##....
#..#.##^........@§kFF§§F§.
##...##^^..^###..##§§§§.#.
###...#^^^^^^##### .§§§P..
#......#^>^^## ..§§§..
#.......^^^## ..#.§..
P...#^^...## ..#../.
...##^^..... >.# ..?
##..##^^.^.. ###..#^##...


You could see 3 blink frogs and a rime drake (catching breath).

Vanquished Creatures
  A boulder beetle (Lair:2)
  A two-headed ogre (D:10)
  Nergalle (D:11)
  Amaemon (Lair:1)
  A skyshark (Lair:1)
  5 elephants (Lair:2)
  3 black mambas
  A gargoyle (D:9)
  8 cane toads
  An orange demon (Lair:1)
  A rime drake (Lair:2)
  4 komodo dragons
  Psyche (D:9)
  3 trolls
  A polar bear (Lair:2)
  2 blink frogs (Lair:3)
  A spriggan (Lair:1)
  A shadow (D:10)
  6 wyverns
  Eustachio (D:4)
  36 yaks
  4 basilisks
  3 steam dragons
  Grum (D:9)
  2 redbacks (Lair:3)
  6 water moccasins
  5 orc warriors
  2 sky beasts
  2 black bears
  19 wolves
  A centaur (D:10)
  A phantom (D:5)
  5 kobold brigands
  6 elf zombies (Ossuary)
  A gnoll sergeant (D:8)
  11 bullfrogs
  3 scorpions
  Dowan (D:7)
  5 howler monkeys
  An electric eel (Lair:2)
  3 hounds
  A human zombie (Ossuary)
  Crazy Yiuf (D:3)
  4 orc priests
  2 bombardier beetles
  3 jellies
  2 gnoll boudas
  An iguana (D:5)
  2 sleepcaps
  Natasha (thrice) (D:4)
  10 orc wizards
  2 crocodile zombies (Ossuary)
  A bullfrog simulacrum (Ossuary)
  4 spectral hounds (Ossuary)
  3 mummies (Ossuary)
  17 gnolls
  5 adders
  2 hound simulacra (Ossuary)
  2 spectral gnolls (Ossuary)
  A dart slug (D:2)
  2 ribbon worms
  3 adder simulacra (Ossuary)
  51 orcs
  11 endoplasms
  5 giant cockroaches
  11 goblins
  4 hobgoblins
  4 jackals (D:3)
  A quokka (D:3)
  5 ball pythons
  4 bats
  A frilled lizard (D:1)
  A gnoll simulacrum (Ossuary)
  5 gnoll zombies (Ossuary)
  4 jackal simulacra (Ossuary)
  34 kobolds
  5 kobold zombies (Ossuary)
  6 orc zombies (Ossuary)
  6 rats
  4 spectral jackals (Ossuary)
395 creatures vanquished.

Vanquished Creatures (collateral kills)
  Joseph (D:9)
  An orc warrior (D:9)
  Duvessa (D:7)
  A centaur (D:8)
  3 gnolls
  2 orcs (D:9)
  3 kobolds
12 creatures vanquished.

Vanquished Creatures (others)
  3 dancing weapons
  An orc (D:9)
4 creatures vanquished.

Grand Total: 411 creatures vanquished

Notes
Turn   | Place    | Note
-------+----------+-------------------------------------------
     0 | D:1      | freelancePsychic the Djinni Shapeshifter began the quest
                  | for the Orb.
     0 | D:1      | Reached XP level 1. HP: 17/17 MP: 0/0
    43 | D:1      | Reached XP level 2. HP: 19/23 MP: 0/0
    45 | D:1      | Reached skill level 2 in Fighting
   162 | D:1      | Reached XP level 3. HP: 27/29 MP: 0/0
   162 | D:1      | Learned a level 1 spell: Necrotise
   362 | D:1      | Reached skill level 3 in Fighting
   632 | D:2      | Reached XP level 4. HP: 35/35 MP: 0/0
  1297 | D:3      | Found a runed translucent door.
  1298 | D:3      | Noticed Crazy Yiuf
  1310 | D:3      | Noticed a scorpion
  1358 | D:3      | Reached skill level 1 in Spellcasting
  1358 | D:3      | Reached skill level 1 in Conjurations
  1358 | D:3      | Reached skill level 1 in Hexes
  1358 | D:3      | Reached skill level 1 in Summonings
  1358 | D:3      | Reached skill level 1 in Necromancy
  1358 | D:3      | Reached skill level 1 in Translocations
  1358 | D:3      | Reached skill level 1 in Fire Magic
  1358 | D:3      | Reached skill level 1 in Ice Magic
  1358 | D:3      | Reached skill level 1 in Air Magic
  1358 | D:3      | Reached skill level 1 in Earth Magic
  1358 | D:3      | Reached skill level 1 in Alchemy
  1368 | D:3      | Reached skill level 1 in Short Blades
  1368 | D:3      | Reached XP level 5. HP: 25/41 MP: 0/0
  1368 | D:3      | Learned a level 2 spell: Searing Ray
  1479 | D:3      | Reached skill level 4 in Fighting
  1737 | D:3      | Reached XP level 6. HP: 44/47 MP: 0/0
  2813 | D:4      | Noticed Eustachio
  2913 | D:4      | Noticed Natasha
  2919 | D:4      | Killed Natasha
  3047 | D:4      | Reached skill level 5 in Fighting
  3049 | D:4      | Reached XP level 7. HP: 41/54 MP: 0/0
  3049 | D:4      | Learned a level 2 spell: Momentum Strike
  3127 | D:4      | Found a broken altar of Ashenzari.
  3127 | D:4      | Found a glowing golden altar of the Shining One.
  3144 | D:4      | Noticed Natasha
  3149 | D:4      | Killed Natasha
  3339 | D:4      | Noticed Natasha
  3347 | D:4      | Killed Natasha
  3407 | D:5      | Entered Level 5 of the Dungeon
  3829 | D:5      | Reached skill level 6 in Fighting
  3829 | D:5      | Found a hide-covered altar of Uskayaw.
  4041 | D:5      | Found Zexin's Armour Shoppe.
  4044 | D:5      | Bought a +2 kite shield for 181 gold pieces
  4231 | D:5      | Reached XP level 8. HP: 58/61 MP: 0/0
  4267 | D:5      | Noticed a troll
  4279 | D:5      | Killed a troll
  4280 | D:5      | Reached skill level 1 in Shields
  4534 | D:6      | Found a staircase to the Ecumenical Temple.
  4563 | Temple   | Entered the Ecumenical Temple
  4577 | Temple   | Became a worshipper of Cheibriados the Contemplative
  4641 | D:6      | Found a sand-covered staircase.
  4650 | Ossuary  | Entered an ossuary
  4715 | Ossuary  | Reached skill level 1 in Invocations
  4790 | Ossuary  | Reached skill level 7 in Fighting
  4831 | Ossuary  | Reached XP level 9. HP: 56/68 MP: 0/0
  4831 | Ossuary  | Learned a level 3 spell: Tukima's Dance
  5078 | Ossuary  | Reached * piety under Cheibriados
  5468 | D:6      | Found an opulent altar of Gozag.
  5562 | D:6      | Reached skill level 5 in Spellcasting
  5562 | D:6      | Reached skill level 5 in Conjurations
  5562 | D:6      | Reached skill level 5 in Hexes
  5562 | D:6      | Reached skill level 5 in Summonings
  5562 | D:6      | Reached skill level 5 in Necromancy
  5562 | D:6      | Reached skill level 5 in Translocations
  5562 | D:6      | Reached skill level 5 in Fire Magic
  5562 | D:6      | Reached skill level 5 in Ice Magic
  5562 | D:6      | Reached skill level 5 in Air Magic
  5562 | D:6      | Reached skill level 5 in Earth Magic
  5562 | D:6      | Reached skill level 5 in Alchemy
  5696 | D:7      | Noticed Duvessa
  5699 | D:7      | Noticed Dowan
  5813 | D:7      | Reached ** piety under Cheibriados
  5979 | D:7      | Killed Duvessa
  5980 | D:7      | Reached skill level 8 in Fighting
  5990 | D:7      | Killed Dowan
  7139 | D:8      | Reached XP level 10. HP: 73/76 MP: 0/0
  7944 | D:8      | Reached *** piety under Cheibriados
  7945 | D:8      | Reached skill level 5 in Dodging
  8218 | D:8      | Reached skill level 5 in Invocations
  8260 | D:9      | Noticed a gargoyle
  8267 | D:9      | Killed a gargoyle
  8333 | D:9      | Noticed Psyche
  8343 | D:9      | Killed Psyche
  8360 | D:9      | Reached **** piety under Cheibriados
  8400 | D:9      | Noticed Grum
  8407 | D:9      | Killed Grum
  8524 | D:9      | Noticed Joseph
  8537 | D:9      | Killed Joseph
  8538 | D:9      | Reached skill level 9 in Fighting
  8820 | D:9      | Reached XP level 11. HP: 83/84 MP: 0/0
  8820 | D:9      | Learned a level 5 spell: Silence
  8931 | D:9      | Found a staircase to the Lair.
  9168 | D:9      | Reached ***** piety under Cheibriados
  9328 | D:10     | Entered Level 10 of the Dungeon
  9443 | D:10     | Noticed a two-headed ogre
  9449 | D:10     | Killed a two-headed ogre
  9618 | D:10     | Found a staircase to the Orcish Mines.
 10205 | D:11     | Noticed Nergalle
 10206 | D:11     | Noticed a spectral orc warlord
 10223 | D:11     | Killed Nergalle
 10400 | D:11     | Reached skill level 10 in Fighting
 10433 | D:11     | Found Qusunu's Assorted Antiques.
 10437 | D:11     | Bought a potion of curing for 87 gold pieces
 10437 | D:11     | Bought a scroll of teleportation for 87 gold pieces
 10488 | D:11     | Noticed Harold
 10696 | D:11     | Noticed Gastronok
 10701 | D:11     | Noticed a boulder beetle
 10812 | D:11     | Noticed a cyclops
 11105 | D:3      | Killed Crazy Yiuf
 11179 | D:4      | Killed Eustachio
 11342 | Lair:1   | Entered Level 1 of the Lair of Beasts
 11502 | Lair:1   | Identified the ring of Faabbeyn {MP+9 Int+3}
 11636 | Lair:1   | Reached XP level 12. HP: 86/92 MP: 0/0
 11651 | Lair:1   | You are sucked into a shaft and drop 1 floor!
 11886 | Lair:2   | Noticed an eight-headed hydra
 12069 | Lair:1   | Noticed Amaemon
 12075 | Lair:1   | Killed Amaemon
 12206 | Lair:1   | Reached skill level 11 in Fighting
 12562 | Lair:1   | Noticed a skyshark
 12572 | Lair:1   | Killed a skyshark
 12838 | Lair:1   | Identified a scroll of acquirement
 12839 | Lair:1   | Acquired a +6 ring of intelligence
 13507 | Lair:2   | Reached XP level 13. HP: 57/100 MP: 0/0
 13507 | Lair:2   | Learned a level 5 spell: Freezing Cloud
 13525 | Lair:2   | Reached skill level 12 in Fighting
 13525 | Lair:2   | Reached skill level 5 in Shields
 14946 | Lair:3   | Found a hole to the Spider Nest.
 15004 | Lair:3   | Killed from afar by a rime drake

Illustrated notes

Levels and vault maps discovered:
D:1:      dpeg_arrival_windows_large_door, layout_rooms
D:2:      layout_basic, basic_altar
D:3:      layout_loops_ring, minmay_cut_off, uniq_crazy_yiuf_cottage
D:4:      layout_cave_pools, gammafunk_temple_overflow_elements, uniq_eustachio,
          uniq_natasha
D:5:      cheibrodos_two_vegetables, layout_rooms,
          eat_drink_and_be_merry_uskayaw, serial_shops,
          nicolae_shop_window_shopping
D:6:      layout_gridville, grunt_gozag_breadcrumbs,
          minmay_temple_entry_butterflies, nicolae_ossuary_entry_ruins,
          hex_large
D:7:      layout_layer_cave, uniq_duvessa
D:8:      layout_layer_cave
D:9:      layout_roguey, kiku_gazebo_pond_becter, erik_lair_dragon, special_room
          [special_room_orc], uniq_grum, uniq_psyche, uniq_joseph
D:10:     layout_loops_ring, orc_0_dummy, nicolae_houndstooth_variations
D:11:     layout_cave_pods, serial_shops, nicolae_shop_back_alley_shop,
          uniq_nergalle, uniq_gastronok, uniq_harold
Temple:   sentei_temple_godly_chess
Lair:1:   layout_regular_city, grunt_forest_large_clearing_hut, uniq_amaemon
Lair:2:   layout_cave_pods, serial_bayou_shore_b, infiniplex_staircase_pool
Lair:3:   layout_misc_corridors, nicolae_swamp_entry_splash_gauntlet,
          spider_nest_entry_webs, grunt_megastairs_3

Skill      XL: |  1  2  3  4  5  6  7  8  9 10 11 12 13 |
---------------+----------------------------------------+-----
Fighting       | 2 3 4 5 6 7 8 9 10 11 12 | 12.7
Spellcasting   | 1 2 3 4 5 6 7 8 9 |  9.5
Conjurations   | 1 2 3 4 5 6 7 8 9 |  9.5
Hexes          | 1 2 3 4 5 6 7 8 9 |  9.5
Summonings     | 1 2 3 4 5 6 7 8 9 |  9.5
Necromancy     | 1 2 3 4 5 6 7 8 9 |  9.5
Translocations | 1 2 3 4 5 6 7 8 9 |  9.5
Fire Magic     | 1 2 3 4 5 6 7 8 9 |  9.5
Ice Magic      | 1 2 3 4 5 6 7 8 9 |  9.5
Air Magic      | 1 2 3 4 5 6 7 8 9 |  9.5
Earth Magic    | 1 2 3 4 5 6 7 8 9 |  9.5
Alchemy        | 1 2 3 4 5 6 7 8 9 |  9.5
Short Blades   | 1 |  1.1
Shields        | 3 4 6 |  6.8
Invocations    | 2 4 6 7 |  7.6
Dodging        | 4 6 8 9 |  9.9
Unarmed Combat | |  3.0
Shapeshifting  | |  2.6

Action                     |  1- 3 |  4- 6 |  7- 9 | 10-12 | 13-15 || total
---------------------------+-------+-------+-------+-------+-------++-------
  Melee: Unarmed           |    37 |       |       |       |       ||    37
         Dagger            |    39 |    74 |    47 |   195 |       ||   355
         Punch             |     1 |     4 |     2 |     9 |       ||    16
         Demon whip        |       |       |       |   190 |    84 ||   274
   Cast: Searing Ray       |       |    27 |   104 |   114 |       ||   245
         Momentum Strike   |       |       |    21 |    26 |       ||    47
         Tukima's Dance    |       |       |    12 |    23 |       ||    35
         Freezing Cloud    |       |       |       |       |    32 ||    32
 Invoke: Slouch            |       |       |       |     6 |       ||     6
Ability: Begin Untransform |       |     1 |       |       |       ||     1
  Evoke: Wand              |       |       |     7 |    10 |       ||    17
    Use: Scroll            |     3 |     2 |     7 |    15 |       ||    27
         Potion            |       |     5 |     1 |    10 |     1 ||    17
   Stab: Sleeping          |     1 |     3 |       |       |       ||     4
         Distracted        |       |       |       |     1 |       ||     1
 Armour: Animal skin       |    30 |    46 |     4 |       |       ||    80
         Skin              |       |    24 |       |       |       ||    24
         Leather armour    |       |       |    14 |       |       ||    14
         Troll leather arm |       |       |   154 |   424 |    48 ||   626
  Dodge: Dodged            |    57 |    74 |   119 |   675 |   113 ||  1038
  Block: Buckler           |       |       |       |    47 |    35 ||    82

Table legend: (Time is in decaauts)
 A = Elapsed time spent in this place.
 B = Non-inter-level travel time spent in this place.
 C = Inter-level travel time spent in this place.
 D = Time resting spent in this place.
 E = Time spent auto-exploring this place.
 F = Levels seen in this place.
 G = Mean time per level.
                   A        B        C        D        E       F      G
               +--------+--------+--------+--------+--------+-----+--------+
         Total |  19827 |  18445 |   1382 |    788 |  14254 |  16 | 1239.2 |
       Dungeon |  13825 |  12697 |   1128 |    422 |  10235 |  11 | 1256.8 |
        Temple |     22 |     16 |      6 |      0 |      0 |   1 |   22.0 |
          Lair |   5357 |   5110 |    247 |    348 |   3755 |   3 | 1785.7 |
       Ossuary |    622 |    622 |      0 |     18 |    264 |   1 |  622.0 |
               +--------+--------+--------+--------+--------+-----+--------+

Top non-repeatable levels by time:
  Lair:2: 3288 daAuts
     D:7: 2159 daAuts
     D:8: 1776 daAuts
     D:9: 1625 daAuts
     D:3: 1595 daAuts
  Lair:1: 1513 daAuts
    D:10: 1326 daAuts
    D:11: 1205 daAuts
     D:6: 987 daAuts
     D:5: 956 daAuts
     D:4: 919 daAuts
     D:2: 837 daAuts
 Ossuary: 622 daAuts
  Lair:3: 556 daAuts
     D:1: 434 daAuts
